 Dungeon Crawl Stone Soup version 0.23-a0-625-g1d2cd9b (console) character file.

105 bli the Magician (level 4, -6/36 HPs)
             Began as a Draconian Fire Elementalist on Dec 25, 2018.
             Mangled by an orc
             ... wielding a +0 mace
              (7 damage)
             ... on level 3 of the Dungeon.
             The game lasted 00:06:17 (1501 turns).

bli the Magician (Draconian Fire Elementalist)      Turns: 1501, Time: 00:06:18

Health: -6/36      AC:  5    Str: 11    XL:     4   Next: 54%
Magic:  0/9        EV: 12    Int: 15    God:
Gold:   164        SH:  0    Dex: 12    Spells: 9/10 levels left

rFire    . . .     SeeInvis .   e - +0 spear
rCold    . . .     Gourm    .   (no shield)
rNeg     . . .     Faith    .   (armour unavailable)
rPois    .         Spirit   .   (helmet restricted)
rElec    .         Reflect  .   (no cloak)
rCorr    .         Harm     .   (no gloves)
MR       .....     Rnd*Tele +   (no boots)
Stlth    ++........             (no amulet)
HPRegen  0.12/turn              q - ring of teleportation (curse)
MPRegen  0.11/turn              (no ring)

@: no status effects
A: unfitting armour, cold-blooded, AC +5
a: no special abilities


You were on level 3 of the Dungeon.
You were not hungry.

You visited 1 branch of the dungeon, and saw 3 of its levels.

You collected 164 gold pieces.

Inventory:

Hand Weapons
 e - a +0 spear (weapon)
Missiles
 g - 70 stones (quivered)
Jewellery
 q - a cursed ring of teleportation (left hand)
Scrolls
 c - a scroll of blinking {unknown}
 h - a scroll of immolation {unknown}
 k - a scroll of remove curse {unknown}
 l - 3 scrolls of magic mapping {unknown}
 m - a scroll of identify {unknown}
 n - a scroll of amnesia {unknown}
 p - a scroll of teleportation {unknown}
Potions
 a - 4 potions of curing {unknown}
 d - a potion of haste {unknown}
 i - a potion of lignification {unknown}
 j - a potion of resistance {unknown}
 o - a potion of flight {unknown}
 r - a potion of heal wounds {unknown}
Comestibles
 b - 6 rations
 f - 5 chunks of flesh


   Skills:
 + Level 1.6 Fighting
 - Level 1.7 Dodging
 - Level 1.7 Stealth
 + Level 3.9 Spellcasting
 + Level 1.7 Conjurations
 - Level 3.0 Fire Magic


You had 9 spell levels left.
You knew the following spells:

 Your Spells              Type           Power        Failure   Level  Hunger
a - Flame Tongue          Conj/Fire      ##...        7%          1    None

Your spell library contained the following spells:

 Spells                   Type           Power        Failure   Level  Hunger
 Throw Flame              Conj/Fire      ##....       11%         2    ##.....
 Conjure Flame            Conj/Fire      ##......     21%         3    ###....
 Inner Flame              Hex/Fire       #.......     30%         3    ###....
 Sticky Flame             Conj/Fire      ##......     56%         4    ####...
 Fireball                 Conj/Fire      ##........   88%         5    ######.


Dungeon Overview and Level Annotations

Branches:
Dungeon (3/15)

Altars:
Trog


Innate Abilities, Weirdness & Mutations

Your plain brown scales are hard. (AC +5)
You cannot fit into any form of body armour.
You are cold-blooded and may be slowed by cold attacks.


Message History

The leopard gecko bites you.
* * * LOW HITPOINT WARNING * * *
Casting: Flame Tongue (safe; 7% risk of failure)
Confirm with . or Enter, or press ? or * to list all spells.
Aiming: Flame Tongue (safe; 7% risk of failure)
Press: ? - help, Shift-Dir - straight line, f - leopard gecko
Aim: a leopard gecko The flame tongue hits the leopard gecko.
The leopard gecko is severely wounded.
The leopard gecko closely misses you.
The leopard gecko bites you but does no damage.
Casting: Flame Tongue (safe; 7% risk of failure)
Confirm with . or Enter, or press ? or * to list all spells.
Aiming: Flame Tongue (safe; 7% risk of failure)
Press: ? - help, Shift-Dir - straight line, f/p - leopard gecko
Aim: a leopard gecko (heavily wounded, clinging)
The flame tongue hits the leopard gecko.
You kill the leopard gecko!
The orc hits you with a +0 mace!
You die...

.
(.#########
..........#
..........#
?....%....#
.........w#
.>........#
........o†#
#####....@#
#.....#
#......#
##.....#
####..#
##.# #..
...


You could see a worm and an orc.

Vanquished Creatures
  Robin (D:2)
  2 adders (D:3)
  An ooze (D:2)
  A worm (D:2)
  A dart slug (D:2)
  4 leopard geckos
  An orc (D:3)
  8 bats
  3 giant cockroaches
  11 goblins
  11 hobgoblins
  4 frilled lizards
  6 kobolds
  5 rats
59 creatures vanquished.

Notes
Turn   | Place    | Note
-------+----------+-------------------------------------------
     0 | D:1      | bli the Draconian Fire Elementalist began the quest for the
                  | Orb.
     0 | D:1      | Reached XP level 1. HP: 14/14 MP: 3/3
   260 | D:1      | Reached XP level 2. HP: 16/20 MP: 2/5
   583 | D:1      | Reached XP level 3. HP: 20/26 MP: 5/7
  1085 | D:2      | Noticed Robin
  1105 | D:2      | Killed Robin
  1105 | D:2      | Reached skill level 1 in Fighting
  1137 | D:2      | Reached XP level 4. HP: 18/35 MP: 0/9
  1401 | D:3      | Found a bloodstained altar of Trog.
  1496 | D:3      | HP: 1/35 [leopard gecko (2)]
  1501 | D:3      | Mangled by an orc

Vault maps used:
D:1:      dpeg_arrival_water_fire, minmay_tall_x
D:2:      uniq_robin
D:3:      old_standard_altar, gammafunk_temple_overflow_elements, first_ration,
          gup_sewer_entry_spiral

Skill      XL: |  1  2  3 |
---------------+----------+-----
Spellcasting   | 3 |  3.9
Fighting       | 1 |  1.6
Dodging        | |  1.7
Stealth        | |  1.7
Conjurations   | |  1.7
Fire Magic     | |  3.0

Action                   |  1- 3 |  4- 6 || total
-------------------------+-------+-------++-------
Melee: Spear             |   100 |    17 ||   117
       Tailslap          |     7 |     1 ||     8
Throw: Stone             |     2 |       ||     2
 Cast: Flame Tongue      |    31 |    22 ||    53
 Stab: Sleeping          |     3 |     1 ||     4
  Eat: Chunk             |     1 |     1 ||     2
Armor: Skin              |    34 |     7 ||    41
Dodge: Dodged            |    81 |    21 ||   102

Table legend:
 A = Non-vault XP
 B = Vault XP
 C = Vault XP percentage of total XP
 D = Non-vault monster count
 E = Vault monster count
 F = Vault count percentage of total count
                 A         B        C        D         E       F
            +---------+---------+-------+---------+---------+-------
      Total |     103 |      48 |  31.8 |      42 |      17 |  28.8
            +---------+---------+-------+---------+---------+-------
        D:1 |      36 |       8 |  18.2 |      21 |       4 |  16.0
        D:2 |      25 |      37 |  59.7 |      11 |      12 |  52.2
        D:3 |      42 |       3 |   6.7 |      10 |       1 |   9.1
            +---------+---------+-------+---------+---------+-------
